Schmensch, lawful female human Priestess --- ------ ---- ----- |.+ +....+ |(%| +...| |.| |....| |..| |...| |.----+-----....----|--+-----...| |........................m......| |..-+-----+--......---+--@---...| |..| |..| |.....{| |.@.|...| |..| |..| |......| |%%.|...+ +..----|-----......| |.%%|...| |.............{....| |%%%|...| |.------|--------..|----------..| |.|.(.)|.).|(((.-..-..).|(((.|..| |.-.?*)|...|(((.|..|....|(((.-..| |.|..*(|...|(((.|..|....|(%(.|... |.---------------..-----------..| |...............................| --------------------------------- Schmensch the Priestess Experience level: 6 Strength: 9 Dexterity: 14 Constitution: 13 Intelligence: 19 Wisdom: 12 Charisma: 11 Health: 0(39) Energy: 54(54) Def: 5 Gold: 0 Moves: 2470 Dungeon seed [set]: Game ID: Schmensch_1676018424 Your Inventory: Weapons m - a blessed +1 mace (weapon in hand) Armor e - an uncursed +0 robe (being worn) n - an uncursed +0 small shield (being worn) q - an uncursed +0 orcish helm (being worn) r - an uncursed +0 pair of low boots (being worn) Comestibles t - 2 uncursed food rations B - an uncursed tripe ration C - an uncursed tin of iguana meat Scrolls o - an uncursed scroll of scare monster u - an uncursed scroll of confuse monster w - an uncursed scroll of enchant armor Spellbooks g - an uncursed spellbook of create monster h - an uncursed spellbook of extra healing i - an uncursed spellbook of light Potions b - 4 potions of holy water l - a cursed potion of blindness Wands f - an uncursed wand of cancellation (0:1) A - an uncursed wand of cold (0:5) Tools a - an uncursed skeleton key v - an uncursed lock pick y - an uncursed bag of holding Gems z - an uncursed worthless piece of yellowish brown glass D - an uncursed worthless piece of red glass N - an uncursed worthless piece of yellow glass Y - 2 uncursed worthless pieces of white glass Spells and supernatural/magical abilities: Name Level Category Fail Memory l - light 1 divination 0% 88% x - extra healing 3 healing 61% 88% O - create monster 2 clerical 0% 88% W - pray for help -- divine ? -- X - turn undead -- divine ? -- Your skills at the end: Miscellaneous Skills shield [Basic] wands [Basic] stealth [Expert] Weapon Skills mace [Basic] Spellcasting Skills clerical spells [Basic] Final Attributes: You were fervently aligned. Your writing hand was a little cramped from use. You were very stealthy. You are dead. Vanquished creatures: a large mimic a quantum mechanic 2 small mimics a dwarf mummy a housecat a rock piercer a fog cloud 5 gnome lords 2 gnomish wizards a dwarf a kobold lord 2 coyotes 2 gas spores an acid blob 27 gnomes 4 manes 10 jackals a newt a goblin 3 sewer rats 4 grid bugs 2 bats 2 lichens 76 creatures vanquished. Voluntary challenges: You did not adorn yourself with jewelry or accessories. You did not cause conflict. You were not invisible. You did not have reflection. You were not displaced. You were an atheist. You used a wielded weapon 126 times, starting on turn 2. You did not apply a unicorn horn. You did not use plumbed fixtures. You did not drink any magical draughts. You read items or engraved 3 times, starting on turn 1591. You never genocided any monsters. You never polymorphed an object. You never changed form. You used no wishes. You did not use any artifacts. You never split a pudding. You wrote Elbereth's name 2 times, starting on turn 2438. You violated your moral code, losing 1 point of alignment, starting on turn 2470. Dungeon overview: The Dungeons of Doom: levels 1 to 2 Level 1 a long staircase Level 2 a vault, a fountain, a sink stairs to The Gnomish Mines The Gnomish Mines: levels 3 to 6 Level 3 stairs to The Dungeons of Doom Level 4 Level 5 Level 6 <- You were here many shops, a magic chest, some fountains History has recorded: On T:1 you entered the Dungeons of Doom to retrieve the Amulet of Yendor! On T:453 you reached level 2 of The Dungeons of Doom. On T:793 you advanced to experience level 2. On T:980 you reached level 1 of The Gnomish Mines. On T:990 you advanced to experience level 3. On T:1023 you advanced to experience level 4. On T:1304 you reached level 2 of The Gnomish Mines. On T:1522 you advanced to experience level 5. On T:1701 you unlocked the fruit name option by eating a melon. On T:1798 you reached level 3 of The Gnomish Mines. On T:1846 you advanced to experience level 6. On T:2105 you reached level 4 of The Gnomish Mines. On T:2131 you opened a magic chest. Score breakdown: Gold: 0 ( 0 points) Experience: 6 levels ( 500 points) Exploration: 6 levels ( 150 points) Discoveries: 17 items ( 850 points) Variety of kills: 23 monsters ( 1150 points) Major goal: (nothing yet) ( 0 points) Survival: died (score multiplied by 3) Total score: 7950 Latest messages: Wait! That's a large mimic! You write in the dust with your fingers. You get released! The large mimic mimics a chicken for a moment! You hit the large mimic. You hit the large mimic! Something is written here in the dust. You read: "E|bereth". You see here an uncursed orange (9 zorkmids). You see here an uncursed food ration (45 zorkmids). You hit the large mimic. You see here an uncursed food ration (45 zorkmids). (2x) You hit the large mimic. You see here an uncursed food ration (45 zorkmids). You hit the large mimic! (3x) You kill the gas spore! Trenggalek is caught in the gas spore's explosion! Trenggalek resists the gas spore's explosion! You hesitate for a moment, bothered by your conscience. Trenggalek gets angry! You are caught in the gas spore's explosion! Trenggalek zaps a copper wand! The magic missile hits you! You die... Trenggalek takes all your possessions. The bag of holding is empty. The bag of holding is empty. Final status: Goodbye Schmensch the Priestess, killed by a magic missile... You died in The Gnomish Mines on dungeon level 6 with 7950 points, and 0 pieces of gold, after 2470 moves. You were level 6 with a maximum of 39 hit points when you died.